 Dungeon Crawl Stone Soup version 0.27-a0-40-g5f2be0e231 (webtiles) character file.

Game seed: 8744359109144066158

196 tsouns the Sneak (level 5, -6/25 HPs)
             Began as a Spriggan Brigand on Jan 5, 2021.
             Was a Follower of Ashenzari.
             Killed by divine providence
             ... invoked by an orc priest
              (14 damage)
             ... on level 3 of the Dungeon.
             The game lasted 00:05:13 (2643 turns).

tsouns the Sneak (Spriggan Brigand)                 Turns: 2643, Time: 00:05:14

Health: -6/25      AC:  3    Str:  7    XL:     5   Next: 45%
Magic:  6/6        EV: 17    Int: 14    God:    Ashenzari [*.....]
Gold:   166        SH:  0    Dex: 17    Spells: 4/4 levels left

rFire    . . .     SeeInvis +   a - +4 dagger
rCold    . . .     Faith    .   (shield restricted)
rNeg     . . .     Spirit   .   b - +0 robe
rPois    .         Reflect  .   (helmet restricted)
rElec    .         Harm     .   c - +0 cloak
rCorr    .         Rampage  .   (gloves unavailable)
Will     .....                  (boots unavailable)
Stlth    ++++......             (no amulet)
HPRegen  0.08/turn              (no ring)
MPRegen  0.10/turn              (no ring)

@: very quick
A: very small, unfitting armour, see invisible, speed 3
a: Renounce Religion, Curse Item, Scrying


You were on level 3 of the Dungeon.
You worshipped Ashenzari.
Ashenzari was aware of your devotion.
You visited 1 branch of the dungeon, and saw 3 of its levels.

You collected 166 gold pieces.

Inventory:

Hand Weapons
 a - a +4 dagger (weapon)
Missiles
 d - 4 poisoned darts (quivered)
 e - 2 curare-tipped darts
Armour
 b - a +0 robe (worn)
 c - a +0 cloak (worn)
Jewellery
 n - an uncursed ring of ice
Scrolls
 g - a scroll of remove curse
 i - a scroll of noise
Potions
 f - a potion of might
 h - a potion of curing
 l - a potion of haste
 m - a potion of lignification {unknown}


   Skills:
 - Level 1.5 Fighting
 + Level 4.0 Short Blades
 + Level 3.6 Throwing
 - Level 1.5 Dodging
 + Level 7.7 Stealth


You had 4 spell levels left.
You didn't know any spells.
Your spell library was empty.

Dungeon Overview and Level Annotations

Branches:
Dungeon (3/15)

Altars:
Ashenzari
Makhleb
Nemelex Xobeh
Sif Muna
Xom


Innate Abilities, Weirdness & Mutations

You are very small and have problems with some larger weapons.
You are too small for most types of armour.
You have supernaturally acute eyesight. (SInv)
You cover ground extremely quickly.


Message History

You aren't carrying any items that you can evoke.
You closely miss the goblin. The goblin barely misses you.
You barely miss the goblin. You hit the goblin.
The goblin is severely wounded.
The goblin hits you with a +0 dagger.
The orc priest calls down the wrath of Beogh upon you.
Beogh smites you!
* * * LOW HITPOINT WARNING * * *
You hit the goblin.
You kill the goblin!
Throw: 5 darts (poison)
Press: ? - help, Q - select action, (/) - cycle Shift-Dir - straight line, f - orc priest
Aim: an orc priest, wearing a +0 leather armour You throw a poisoned dart.
The poisoned dart hits the orc priest!
The orc priest is poisoned.
The orc priest mumbles some strange prayers to Beogh against you.
Beogh smites you!
Ouch! That really hurt!
You die...

*,,,,,,,,,,*
#.....o..,,,,
*,,,,,,,,***
#.....W..,,,,
*,,,,,,,,*
#..g.....,,,,
*,,,,,,,,*
#....(...,,,,
****,,,,,*
######g.g..o..,,,,
*,,,,,*
#)o[)....o....,,,,
*,,,,,*
#o####........,,,,
*,,,,,* #)#
#........,,,, *******
#@# #........,,,,
###.## #........,,,,
#########....#
#........,,,,
#............#
#........,,,,
#....###.....#
#........,,,, #....#
#.....# #........,,,,
##.### #.....#
*,,,,,,,,,,,, #.#
##.....# *,,,,,,,,,,,,
#.#
#.....#######*,*,*****


You could see an orc priest (very poisoned) and an orc.

Vanquished Creatures
  An ice beast (D:2)
  3 adders
  A worm (D:2)
  2 dart slugs (D:1)
  2 leopard geckos
  8 orcs
  7 giant cockroaches
  6 goblins
  6 hobgoblins
  3 jackals (D:2)
  A quokka (D:3)
  7 bats
  5 frilled lizards
  7 kobolds
  3 rats
62 creatures vanquished.

Notes
Turn   | Place    | Note
-------+----------+-------------------------------------------
     0 | D:1      | tsouns the Spriggan Brigand began the quest for the Orb.
     0 | D:1      | Reached XP level 1. HP: 10/10 MP: 2/2
    33 | D:1      | Reached skill level 6 in Stealth
   148 | D:1      | Reached XP level 2. HP: 10/14 MP: 3/3
   996 | D:2      | Noticed an ice beast
  1035 | D:2      | Reached XP level 3. HP: 18/18 MP: 4/4
  1091 | D:2      | Killed an ice beast
  1092 | D:2      | Reached skill level 7 in Stealth
  1092 | D:2      | Reached XP level 4. HP: 22/22 MP: 5/5
  1552 | D:2      | Reached XP level 5. HP: 25/25 MP: 6/6
  1673 | D:2      | Found a burning altar of Makhleb.
  1673 | D:2      | Found a shimmering altar of Xom.
  1678 | D:2      | Found a shimmering blue altar of Sif Muna.
  1683 | D:2      | Found a sparkling altar of Nemelex Xobeh.
  1685 | D:2      | Found a faded altar of an unknown god.
  1695 | D:2      | Became a worshipper of Ashenzari the Shackled
  1695 | D:2      | Reached * piety under Ashenzari
  2622 | D:3      | Noticed a phantom
  2643 | D:3      | Killed from afar by an orc priest

Illustrated notes

Levels and vault maps discovered:
D:1:      ebering_trefoil_3fold, layout_loops_ring, minmay_strange_pillars,
          serial_park_tiny_pond
D:2:      layout_basic, chequers_temple_overflow_minitemple
D:3:      layout_basic

Skill      XL: |  1  2  3  4  5 |
---------------+----------------+-----
Stealth        | 6 7 |  7.7
Short Blades   | 3 4 |  4.0
Throwing       | 3 |  3.6
Fighting       | |  1.5
Dodging        | |  1.5

Action                   |  1- 3 |  4- 6 || total
-------------------------+-------+-------++-------
Melee: Dagger            |    75 |   140 ||   215
Throw: Dart              |       |    16 ||    16
  Use: Scroll            |       |     7 ||     7
 Stab: Sleeping          |    11 |     6 ||    17
Armor: Robe              |    15 |    15 ||    30
Dodge: Dodged            |    60 |    92 ||   152

Table legend: (Time is in decaauts)
 A = Elapsed time spent in this place.
 B = Non-inter-level travel time spent in this place.
 C = Inter-level travel time spent in this place.
 D = Time resting spent in this place.
 E = Time spent auto-exploring this place.
 F = Levels seen in this place.
 G = Mean time per level.
                   A        B        C        D        E       F      G
               +--------+--------+--------+--------+--------+-----+--------+
         Total |   1955 |   1901 |     54 |    242 |   1201 |   3 |  651.7 |
       Dungeon |   1955 |   1901 |     54 |    242 |   1201 |   3 |  651.7 |
               +--------+--------+--------+--------+--------+-----+--------+

Top non-repeatable levels by time:
     D:2: 876 daAuts
     D:1: 629 daAuts
     D:3: 449 daAuts
